PIO (24 & UNDER)
JASPER COUGARS @ SURREY SINNERS
07/02/2026
 
TOP OF THE 1ST
Jasper Cougars batting - Pitching for Surrey Sinners : RHP Bill Chase
Pitching: RHP Bill Chase
Batting: SHB Rafael Acosta 0-0: Ball
1-0: Ball
2-0: Foul Ball, location: 2F
2-1: Ground out 6-3 (Groundball, 6S)
Batting: RHB Bob Cole 0-0: Ball
1-0: Called Strike
1-1: Ground out 6-3 (Groundball, 6)
Batting: SHB Ron Edwards 0-0: Ground out U3 (Groundball, 3)
Top of the 1st over - 0 run(s), 0 hit(s), 0 error(s), 0 left on base; Jasper 0 - Surrey 0
BOTTOM OF THE 1ST
Surrey Sinners batting - Pitching for Jasper Cougars : LHP Jon Vaughn
Pitching: LHP Jon Vaughn
Batting: RHB Clint Younger 0-0: Foul Ball, location: 2F
0-1: Ball
1-1: Swinging Strike
1-2: SINGLE (Line Drive, 6MD)
Batting: RHB Jesús Lara 0-0: Ball
1-0: Ball
2-0: Ball
3-0: Base on Balls
Clint Younger to second
Batting: RHB Jamie Swyers 0-0: Foul Ball, location: 2F
0-1: Ball
1-1: Ball
2-1: Foul Ball, location: 2F
2-2: Foul Ball, location: 2F
2-2: Ball
3-2: Strikes out looking
Batting: LHB Iván Espinosa 0-0: SINGLE (Groundball, 56D)
Clint Younger to third
Jesús Lara to second
Runner from 3rd tries for Home, SAFE, no throw or cutoff
Batting: RHB Ramón Molina 0-0: Ball
1-0: Swinging Strike
1-1: Ball
2-1: 3-RUN HOME RUN (Line Drive, 9D), Distance : 383 ft
Batting: RHB Mitchell Darragh 0-0: SINGLE (Line Drive, 56D)
Batting: RHB Ricardo Deleón 0-0: Called Strike
0-1: Called Strike
0-2: Ball
1-2: Ball
Mitchell Darragh is caught stealing 2nd base
2-2: Strikes out swinging
Bottom of the 1st over - 4 run(s), 4 hit(s), 0 error(s), 0 left on base; Jasper 0 - Surrey 4
TOP OF THE 2ND
Jasper Cougars batting - Pitching for Surrey Sinners : RHP Bill Chase
Batting: RHB David Hernández 0-0: Ball
1-0: Foul Ball, location: 2F
1-1: SINGLE (Line Drive, 56D)
Batting: LHB Jon Scott 0-0: DOUBLE (Flyball, 7LM)
David Hernández to third
Batting: LHB David Adams 0-0: Foul Ball, location: 2F
0-1: Ball
1-1: Called Strike
1-2: Ball
2-2: Hit by Pitch
Batting: SHB Carlos Córdova 0-0: Swinging Strike
0-1: Foul Ball, location: 2F
0-2: Strikes out swinging
Batting: LHB John Stone 0-0: Called Strike
0-1: Hit by Pitch
David Hernández scores
Jon Scott to third
David Adams to second
Batting: RHB Joe Baker 0-0: Foul Ball, location: 2F
0-1: Foul Ball, location: 2F
0-2: Strikes out swinging
Batting: SHB Rafael Acosta 0-0: Ball
1-0: Ball
2-0: Called Strike
2-1: Foul Ball, location: 2F
2-2: Strikes out swinging
Top of the 2nd over - 1 run(s), 2 hit(s), 0 error(s), 3 left on base; Jasper 1 - Surrey 4
BOTTOM OF THE 2ND
Surrey Sinners batting - Pitching for Jasper Cougars : LHP Jon Vaughn
Batting: RHB Félix Castro 0-0: Ball
1-0: Called Strike
1-1: Foul Ball, location: 2F
1-2: Foul Ball, location: 2F
1-2: Ground out 1-3 (Groundball, 34S)
Pitching: RHP Chris Schultz
Batting: RHB Shawn Gutiérrez 0-0: Ball
1-0: Foul Ball, location: 2F
1-1: Foul Ball, location: 2F
1-2: Fly out, F6 (Line Drive, 6S)
Batting: RHB Clint Younger 0-0: Ball
1-0: SINGLE (Line Drive, 56)
Batting: RHB Jesús Lara 0-0: Fly out, F8 (Flyball, 8LXD)
Bottom of the 2nd over - 0 run(s), 1 hit(s), 0 error(s), 1 left on base; Jasper 1 - Surrey 4
TOP OF THE 3RD
Jasper Cougars batting - Pitching for Surrey Sinners : RHP Bill Chase
Batting: RHB Bob Cole 0-0: Ball
1-0: Ball
2-0: Ball
3-0: Foul Ball, location: 2F
3-1: Ground out 5-3 (Groundball, 56S)
Batting: SHB Ron Edwards 0-0: Ball
1-0: Fly out, F8 (Flyball, 8LXD)
Batting: RHB David Hernández 0-0: Foul Ball, location: 2F
0-1: Swinging Strike
0-2: Strikes out swinging
Top of the 3rd over - 0 run(s), 0 hit(s), 0 error(s), 0 left on base; Jasper 1 - Surrey 4
BOTTOM OF THE 3RD
Surrey Sinners batting - Pitching for Jasper Cougars : RHP Chris Schultz
Batting: RHB Jamie Swyers 0-0: Ball
1-0: Called Strike
1-1: Foul Ball, location: 2F
1-2: Foul Ball, location: 2F
1-2: Strikes out looking
Batting: LHB Iván Espinosa 0-0: Called Strike
0-1: Ball
1-1: Ball
2-1: Ball
3-1: Base on Balls
Batting: RHB Ramón Molina 0-0: Ball
1-0: Ball
2-0: Swinging Strike
2-1: Ball
3-1: Base on Balls
Iván Espinosa to second
Batting: RHB Mitchell Darragh 0-0: Called Strike
0-1: Ball
1-1: Called Strike
1-2: Foul Ball, location: 2F
1-2: SINGLE (Groundball, 34D)
Iván Espinosa to third
Ramón Molina to second
Runner from 3rd tries for Home, SAFE, throw made home
Ramón Molina to third
Mitchell Darragh to second
Batting: RHB Ricardo Deleón 0-0: Called Strike
0-1: Ball
1-1: Ball
2-1: Ball
3-1: Foul Ball, location: 2F
3-2: Base on Balls
Batting: RHB Félix Castro 0-0: Ball
1-0: Ball
2-0: Ball
3-0: Called Strike
3-1: Base on Balls
Ramón Molina scores
Mitchell Darragh to third
Ricardo Deleón to second
Batting: RHB Shawn Gutiérrez 0-0: SINGLE (Line Drive, 7S)
Mitchell Darragh scores
Ricardo Deleón to third
Félix Castro to second
Batting: RHB Clint Younger 0-0: Ball
1-0: SINGLE (Line Drive, 34)
Ricardo Deleón scores
Félix Castro to third
Shawn Gutiérrez to second
Pitching: RHP José Orozco
Batting: RHB Jesús Lara 0-0: Ball
1-0: Ball
2-0: DOUBLE (Line Drive, 3L)
Félix Castro scores
Shawn Gutiérrez scores
Clint Younger to third
Runner from 3rd tries for Home, throw and OUT!
Batting: RHB Jamie Swyers 0-0: Called Strike
0-1: Called Strike
0-2: Strikes out swinging
Bottom of the 3rd over - 6 run(s), 4 hit(s), 0 error(s), 1 left on base; Jasper 1 - Surrey 10
TOP OF THE 4TH
Jasper Cougars batting - Pitching for Surrey Sinners : RHP Bill Chase
Batting: LHB Jon Scott 0-0: Ball
1-0: Fly out, F7 (Flyball, 78M)
Batting: LHB David Adams 0-0: Called Strike
0-1: Fly out, F8 (Flyball, 8LM)
Batting: SHB Carlos Córdova 0-0: Ball
1-0: Swinging Strike
1-1: Ball
2-1: Ball
3-1: Swinging Strike
3-2: Strikes out swinging
Top of the 4th over - 0 run(s), 0 hit(s), 0 error(s), 0 left on base; Jasper 1 - Surrey 10
BOTTOM OF THE 4TH
Surrey Sinners batting - Pitching for Jasper Cougars : RHP José Orozco
Batting: LHB Iván Espinosa 0-0: Ball
1-0: Ground out 4-3 (Groundball, 4)
Batting: RHB Ramón Molina 0-0: Ground out 5-3 (Groundball, 56)
Batting: RHB Mitchell Darragh 0-0: Called Strike
0-1: SINGLE (Line Drive, 78S)
Batting: RHB Ricardo Deleón 0-0: Called Strike
0-1: Foul Ball, location: 2F
0-2: Strikes out swinging
Bottom of the 4th over - 0 run(s), 1 hit(s), 0 error(s), 1 left on base; Jasper 1 - Surrey 10
TOP OF THE 5TH
Jasper Cougars batting - Pitching for Surrey Sinners : RHP Bill Chase
Batting: LHB John Stone 0-0: Called Strike
0-1: Ball
1-1: Ball
2-1: Foul Ball, location: 2F
2-2: Strikes out looking
Batting: RHB Joe Baker 0-0: Called Strike
0-1: Ball
1-1: Swinging Strike
1-2: Strikes out swinging
Batting: SHB Rafael Acosta 0-0: Ball
1-0: Ball
2-0: Ball
3-0: Called Strike
3-1: Ground out 1-3 (Groundball, 15S)
Top of the 5th over - 0 run(s), 0 hit(s), 0 error(s), 0 left on base; Jasper 1 - Surrey 10
BOTTOM OF THE 5TH
Surrey Sinners batting - Pitching for Jasper Cougars : RHP José Orozco
Batting: RHB Félix Castro 0-0: Ground out 6-3 (Groundball, 6)
Batting: RHB Shawn Gutiérrez 0-0: Called Strike
0-1: Foul Ball, location: 2F
0-2: Foul Ball, location: 2F
0-2: Ball
1-2: Strikes out swinging
Batting: RHB Clint Younger 0-0: Ground out 4-3 (Groundball, 6M)
Bottom of the 5th over - 0 run(s), 0 hit(s), 0 error(s), 0 left on base; Jasper 1 - Surrey 10
TOP OF THE 6TH
Jasper Cougars batting - Pitching for Surrey Sinners : RHP Bill Chase
Batting: RHB Bob Cole 0-0: SINGLE (Line Drive, 56D)
Batting: SHB Ron Edwards 0-0: Ball
1-0: Ball
2-0: Ball
3-0: Called Strike
3-1: Grounds into double play, 1-4-3 (Groundball, 15S)
Batting: RHB David Hernández 0-0: Foul Ball, location: 2F
0-1: Ground out 1-3 (Groundball, 13)
Top of the 6th over - 0 run(s), 1 hit(s), 0 error(s), 0 left on base; Jasper 1 - Surrey 10
BOTTOM OF THE 6TH
Surrey Sinners batting - Pitching for Jasper Cougars : RHP José Orozco
Batting: RHB Jesús Lara 0-0: DOUBLE (Flyball, 89XD)
Batting: RHB Jamie Swyers 0-0: Foul Ball, location: 2F
0-1: Swinging Strike
0-2: Strikes out swinging
Batting: LHB Iván Espinosa 0-0: Fly out, F8 (Flyball, 8LM)
Batting: RHB Ramón Molina 0-0: Ball
1-0: Ball
2-0: Ball
3-0: Called Strike
3-1: Base on Balls
Batting: RHB Mitchell Darragh 0-0: SINGLE (Flyball, 89S)
Jesús Lara to third
Ramón Molina to second
Runner from 3rd tries for Home, SAFE, no throw or cutoff
Batting: RHB Ricardo Deleón 0-0: Called Strike
0-1: Called Strike
0-2: SINGLE (Line Drive, 9LS)
Ramón Molina to third
Mitchell Darragh to second
Batting: RHB Félix Castro 0-0: Ground out 4-3 (Groundball, 4)
Bottom of the 6th over - 1 run(s), 3 hit(s), 0 error(s), 3 left on base; Jasper 1 - Surrey 11
TOP OF THE 7TH
Jasper Cougars batting - Pitching for Surrey Sinners : RHP Bill Chase
Batting: LHB Jon Scott 0-0: Ball
1-0: Ball
2-0: Called Strike
2-1: Ball
3-1: Swinging Strike
3-2: Strikes out swinging
Batting: LHB David Adams 0-0: Called Strike
0-1: Ball
1-1: Foul Ball, location: 2F
1-2: Fly out, F6 (Popup, 6D)
Batting: SHB Carlos Córdova 0-0: Ball
1-0: Ball
2-0: Ball
3-0: Base on Balls
Pitching: RHP Santiago Ugalde
Batting: LHB John Stone 0-0: Ball
1-0: Called Strike
1-1: Fly out, F7 (Flyball, 7S)
Top of the 7th over - 0 run(s), 0 hit(s), 0 error(s), 1 left on base; Jasper 1 - Surrey 11
BOTTOM OF THE 7TH
Surrey Sinners batting - Pitching for Jasper Cougars : RHP José Orozco
Pitching: RHP A.J. Wellman
Batting: RHB Shawn Gutiérrez 0-0: Foul Ball, location: 2F
0-1: Ball
1-1: Ball
2-1: Swinging Strike
2-2: Foul Ball, location: 2F
2-2: Strikes out swinging
Pinch Hitting: LHB Juan Hinojosa 0-0: SINGLE (Line Drive, 34D)
Pinch Hitting: LHB Buddy Rice 0-0: Swinging Strike
0-1: Grounds out, U3 (Groundball, 3L)
Batting: RHB Jamie Swyers 0-0: Called Strike
0-1: Ground out 6-3 (Groundball, 6)
Bottom of the 7th over - 0 run(s), 1 hit(s), 0 error(s), 1 left on base; Jasper 1 - Surrey 11
TOP OF THE 8TH
Jasper Cougars batting - Pitching for Surrey Sinners : RHP Santiago Ugalde
Now at 2B: Eugene Booth
Now at SS: José Blanco
Batting: RHB Joe Baker 0-0: Ball
1-0: Called Strike
1-1: Ball
2-1: Swinging Strike
2-2: SINGLE (Line Drive, 7LS)
Batting: SHB Rafael Acosta 0-0: SINGLE (Line Drive, 6MD)
Joe Baker to second
Batting: RHB Bob Cole 0-0: Ball
1-0: Ball
2-0: Foul Ball, location: 2F
2-1: Ball
3-1: Base on Balls
Joe Baker to third
Rafael Acosta to second
Batting: SHB Ron Edwards 0-0: Ball
1-0: Called Strike
1-1: Ball
2-1: Ball
3-1: SINGLE (Groundball, 34D)
Joe Baker scores
Rafael Acosta to third
Bob Cole to second
Batting: RHB David Hernández 0-0: Ball
1-0: Called Strike
1-1: DOUBLE (Flyball, 9LM)
Rafael Acosta scores
Bob Cole scores
Ron Edwards to third
Batting: LHB Jon Scott 0-0: Called Strike
0-1: Ball
1-1: Called Strike
1-2: Strikes out swinging
Batting: LHB David Adams 0-0: Called Strike
0-1: Ball
1-1: Foul Ball, location: 2F
1-2: Ball
2-2: SINGLE (Flyball, 78S)
Ron Edwards scores
David Hernández to third
Runner from 3rd tries for Home, SAFE, throw made home
David Adams to second
Pitching: RHP Juan Fonseca
Batting: SHB Carlos Córdova 0-0: Foul Ball, location: 2F
0-1: Called Strike
0-2: Ball
1-2: Ball
2-2: Foul Ball, location: 2F
2-2: Ball
3-2: Foul Ball, location: 2F
3-2: Base on Balls
Batting: LHB John Stone 0-0: Called Strike
0-1: Ball
1-1: Ball
2-1: Ball
3-1: Called Strike
3-2: Foul Ball, location: 2F
3-2: Foul Ball, location: 2F
3-2: Base on Balls
David Adams to third
Carlos Córdova to second
Pitching: RHP Bob Martin
Batting: RHB Joe Baker 0-0: Fly out, F3 (Popup, 9LSF)
Batting: SHB Rafael Acosta 0-0: Ball
1-0: Called Strike
1-1: Ball
2-1: Reached on Error, E7 (Flyball, 7M)
David Adams scores
Carlos Córdova scores
John Stone to third
Batting: RHB Bob Cole 0-0: Ball
1-0: Swinging Strike
1-1: Ball
2-1: Ball
3-1: Fly out, F4 (Popup, 4D)
Top of the 8th over - 7 run(s), 5 hit(s), 1 error(s), 2 left on base; Jasper 8 - Surrey 11
BOTTOM OF THE 8TH
Surrey Sinners batting - Pitching for Jasper Cougars : RHP A.J. Wellman
Batting: LHB Iván Espinosa 0-0: Called Strike
0-1: Swinging Strike
0-2: Hit by Pitch
Batting: RHB Ramón Molina 0-0: Ball
1-0: Ball
2-0: Called Strike
2-1: Called Strike
2-2: SINGLE (Groundball, 56S)
Iván Espinosa to second
Batting: RHB Mitchell Darragh 0-0: Called Strike
0-1: Foul Ball, location: 2F
0-2: Ball
1-2: Ball
2-2: Strikes out looking
Batting: RHB Ricardo Deleón 0-0: Fly out, F4 (Popup, 4D)
Batting: RHB Félix Castro 0-0: Ball
1-0: Fly out, F8 (Flyball, 8RD)
Bottom of the 8th over - 0 run(s), 1 hit(s), 0 error(s), 2 left on base; Jasper 8 - Surrey 11
TOP OF THE 9TH
Jasper Cougars batting - Pitching for Surrey Sinners : RHP Bob Martin
Pitching: LHP Henry Brown
Batting: SHB Ron Edwards 0-0: Swinging Strike
0-1: Ball
1-1: Fly out, F9 (Flyball, 9D)
Batting: RHB David Hernández 0-0: Ball
1-0: Ground out 4-3 (Groundball, 4M)
Batting: LHB Jon Scott 0-0: Called Strike
0-1: Swinging Strike
0-2: Ball
1-2: Ball
2-2: Strikes out swinging
Top of the 9th over - 0 run(s), 0 hit(s), 0 error(s), 0 left on base; Jasper 8 - Surrey 11
Monday, December 5th, 2016 - OOTP Baseball 17.12 Build 75